Colorado Rockies vs Toronto Maple Leafs
Created - Saturday, March 30, 2024 at 07:20
Goals
|
| Colorado Rockies |
3 |
0 |
0 |
3 |
| Toronto Maple Leafs |
0 |
1 |
0 |
1 |
|
Shots
|
| Colorado Rockies |
13 |
5 |
8 |
26 |
| Toronto Maple Leafs |
8 |
17 |
10 |
35 |
|
1st period
1. Colorado Rockies , David Pastrnak 13 (Vince Dunn 7, Andrew Peeke 8) at 0:29
2. Colorado Rockies , Jesper Bratt 14 (Tim Stutzle 19, David Pastrnak 18) at 3:08
3. Colorado Rockies , Evgeny Kuznetsov 7 (Nick Schmaltz 20, Jesper Bratt 14) at 12:15
Penalties :
Aaron Ekblad (TOR) for Hooking (Minor) at 12:31
2nd period
4. Toronto Maple Leafs , Nicolas Roy 7 (Andrew Mangiapane 17, Aaron Ekblad 20) at 18:41
Penalties :
Sam Bennett (TOR) for Tripping (Minor) at 0:07, Nikita Zadorov (COL) for Tripping (Minor) at 2:54
3rd period
No Goal
Penalties :
Brady Tkachuk (TOR) for Roughing (Minor) at 4:43, Andrew Mangiapane (TOR) for Head-butting (Major / Game Misconduct) at 9:54, Tim Stutzle (COL) for Interference (Minor) at 19:40
Goalie Stats
Joey Daccord (COL), 34 saves from 35 shots - (0.971), W, 10-10-1, 60:00 minutes
Frederik Andersen (TOR), 23 saves from 26 shots - (0.885), L, 5-8-1, 60:00 minutes
Players Stats for Colorado Rockies
Player Name G A P +/- PIM S H SB GA TA FO MP PP MP PK MP
------------------------------------------------------------------------------------
Andrew Peeke 0 1 1 3 0 0 0 0 0 0 0/0 18:06 1:48 1:05
David Pastrnak 1 1 2 2 0 2 1 0 0 0 0/0 18:32 6:08 0:00
Evgeny Kuznetsov 1 0 1 0 0 3 1 0 1 0 3/10 12:48 0:00 0:25
Jesper Bratt 1 1 2 2 0 6 0 0 0 0 0/0 17:41 4:33 0:02
Kevin Hayes 0 0 0 0 0 1 1 0 0 0 3/3 11:54 0:00 0:00
Kyle Connor 0 0 0 0 0 1 1 1 2 1 0/0 18:57 6:08 0:00
Kyle Palmieri 0 0 0 0 0 0 1 0 1 0 0/0 9:18 0:15 0:00
Martin Fehervary 0 0 0 -1 0 0 0 3 0 1 0/0 15:36 1:48 0:18
Michael Bunting 0 0 0 0 0 0 1 0 2 0 0/2 9:16 0:15 0:00
Nick Bonino 0 0 0 0 0 0 0 0 0 1 2/3 10:35 0:15 1:17
Nick Schmaltz 0 1 1 0 0 3 0 0 2 0 1/2 17:06 4:33 0:53
Nikita Kucherov 0 0 0 0 0 4 2 0 1 0 0/0 17:50 4:32 0:00
Nikita Zadorov 0 0 0 -1 2 0 0 5 0 3 0/0 13:49 0:00 0:19
Quinn Hughes 0 0 0 0 0 1 2 2 0 0 0/0 23:04 4:32 1:05
Ryan O'Reilly 0 0 0 0 0 1 3 0 0 0 11/17 18:40 4:33 0:59
Tim Stutzle 0 1 1 2 2 3 1 0 0 0 9/18 19:38 6:08 1:00
Victor Hedman 0 0 0 0 0 1 0 3 1 1 0/0 23:49 4:36 1:13
Vince Dunn 0 1 1 3 0 0 1 0 1 0 0/0 21:01 4:36 0:36
Players Stats for Toronto Maple Leafs
Player Name G A P +/- PIM S H SB GA TA FO MP PP MP PK MP
------------------------------------------------------------------------------------
Aaron Ekblad 0 1 1 0 2 3 2 1 0 0 0/0 24:06 1:04 4:13
Andrew Mangiapane 0 1 1 1 15 0 1 0 0 1 1/1 11:14 0:43 0:00
Brady Tkachuk 0 0 0 0 2 3 4 0 2 0 3/4 19:15 1:02 4:10
Brandon Saad 0 0 0 -3 0 5 2 0 1 2 0/0 17:27 0:56 1:22
Cody Ceci 0 0 0 0 0 2 1 1 0 2 0/0 24:31 1:04 5:21
Dougie Hamilton 0 0 0 -2 0 1 2 0 3 0 0/0 21:27 1:14 5:04
Kyle Okposo 0 0 0 0 0 1 2 0 0 0 0/0 7:51 0:00 0:00
Luke Schenn 0 0 0 0 0 1 1 1 0 1 0/0 14:55 0:00 1:24
Mario Ferraro 0 0 0 0 0 1 3 0 0 0 0/0 14:29 0:00 0:46
Nick Bjugstad 0 0 0 0 0 1 0 1 0 0 3/5 8:26 0:06 0:00
Nicolas Roy 1 0 1 1 0 3 5 0 0 1 9/16 12:50 0:28 0:00
Nino Niederreiter 0 0 0 1 0 2 2 0 0 0 0/0 15:34 0:00 2:40
Ryan Pulock 0 0 0 -2 0 1 1 4 0 2 0/0 21:27 1:14 5:04
Sam Bennett 0 0 0 0 2 2 2 1 0 1 5/11 16:01 0:47 3:39
Scott Laughton 0 0 0 -3 0 2 0 0 0 0 5/17 18:31 1:10 4:22
Trevor Zegras 0 0 0 -3 0 4 0 1 1 1 0/1 20:07 0:40 4:56
Troy Terry 0 0 0 0 0 1 1 0 0 0 0/0 12:58 1:02 0:43
Warren Foegele 0 0 0 0 0 2 0 0 0 0 0/0 7:51 0:00 0:00
3 Stars
1 - Joey Daccord (COL)
2 - David Pastrnak (COL)
3 - Jesper Bratt (COL)
Power Play
Colorado Rockies - 0 on 4 Attempt(s) - 0.00%
Toronto Maple Leafs - 0 on 2 Attempt(s) - 0.00%
Penalty Kill
Colorado Rockies - 2 on 2 Attempt(s) - 100.00%
- Score 0 goal in Penalty Kill
Toronto Maple Leafs - 4 on 4 Attempt(s) - 100.00%
- Score 0 goal in Penalty Kill
Team Stat
Colorado Rockies - Hits : 15 - Faceoff Wins : 29 - Blocked Shots : 14 - Penalty Minutes : 4
Toronto Maple Leafs - Hits : 29 - Faceoff Wins : 26 - Blocked Shots : 10 - Penalty Minutes : 21
Official
Referees : Kevin Pollock and Kyle Rehman
Linesman : Trent Knorr and Shane Heyer
Game Notes
Andrew Mangiapane ejected from game at 9:54 of 3rd period
Finance
Level 1 -- Attendance: 6000 (100.00%) -- Ticket Income $564,000
Level 2 -- Attendance: 4816 (96.32%) -- Ticket Income $260,064
Level 3 -- Attendance: 3000 (100.00%) -- Ticket Income $99,000
Level 4 -- Attendance: 4670 (93.40%) -- Ticket Income $98,070
Luxury Box -- Attendance: 941 (94.10%) -- Ticket Income $181,613
Game was played at the Air Canada Centre.
Total Attendance: 19427 (97.14%)
Total Ticket Income: $1,202,747
Other Income: $420,961
Total Income: $1,623,708
Colorado Rockies
5 vs 5 Forward
Center Left Wing Right Wing Time % Phy DF OF
1 Ryan O'Reilly Kyle Connor Nikita Kucherov 30 1 2 2
2 Tim Stutzle Jesper Bratt David Pastrnak 30 1 2 2
3 Evgeny Kuznetsov Nick Schmaltz Kevin Hayes 25 1 2 2
4 Nick Bonino Michael Bunting Kyle Palmieri 15 1 2 2
5 vs 5 Defense
Defense Defense Time % Phy DF OF
1 Victor Hedman Quinn Hughes 42 1 2 2
2 Vince Dunn Andrew Peeke 36 1 2 2
3 Martin Fehervary Nikita Zadorov 22 1 2 2
4 Victor Hedman Quinn Hughes 0 1 2 2
PowerPlay Forward
Center Left Wing Right Wing Time % Phy DF OF
1 Tim Stutzle Kyle Connor David Pastrnak 50 1 2 2
2 Ryan O'Reilly Jesper Bratt Nick Schmaltz 50 1 2 2
PowerPlay Defense
Defense Defense Time % Phy DF OF
1 Nikita Kucherov Quinn Hughes 50 1 2 2
2 Victor Hedman Vince Dunn 50 1 2 2
Penalty Kill 4 Players Forward
Center Wing Time % Phy DF OF
1 Ryan O'Reilly Nick Schmaltz 50 1 2 2
2 Nick Bonino Tim Stutzle 50 1 2 2
Penalty Kill 4 Players Defense
Defense Defense Time % Phy DF OF
1 Quinn Hughes Andrew Peeke 50 1 2 2
2 Victor Hedman Nikita Zadorov 50 1 2 2
Penalty Kill - 3 Players Forward
Forward Time % Phy DF OF
1 Ryan O'Reilly 50 1 2 2
2 Nick Bonino 50 1 2 2
Penalty Kill - 3 Players Defense
Defense Defense Time % Phy DF OF
1 Andrew Peeke Victor Hedman 50 1 2 2
2 Quinn Hughes Nikita Zadorov 50 1 2 2
4 vs 4 Forward
Center Wing Time % Phy DF OF
1 Tim Stutzle Nikita Kucherov 50 1 2 2
2 Ryan O'Reilly David Pastrnak 50 1 2 2
4 vs 4 Defense
Defense Defense Time % Phy DF OF
1 Victor Hedman Quinn Hughes 50 1 2 2
2 Nikita Zadorov Andrew Peeke 50 1 2 2
Last Minutes Offensive
Center Left Wing Right Wing Defense Defense
Ryan O'Reilly Kyle Connor Nikita Kucherov Victor Hedman Quinn Hughes
Last Minutes Defensive
Center Left Wing Right Wing Defense Defense
Ryan O'Reilly Kyle Connor Nikita Kucherov Victor Hedman Quinn Hughes
Goaltenders
Starting : Joey Daccord
Backup : Andrei Vasilevskiy
Extra Forwards
Normal : Michael Bunting, Nick Schmaltz, Evgeny Kuznetsov - PP : Michael Bunting, Nick Schmaltz - PK : Evgeny Kuznetsov
Extra Defensemen
Normal : Victor Hedman, Nikita Zadorov, Vince Dunn - PP : Victor Hedman - PK : Nikita Zadorov, Vince Dunn
Penalty Shots
Evgeny Kuznetsov, Michael Bunting, Nikita Kucherov, Tim Stutzle, Nick Bonino
Toronto Maple Leafs
5 vs 5 Forward
Center Left Wing Right Wing Time % Phy DF OF
1 Sam Bennett Brady Tkachuk Troy Terry 30 1 2 2
2 Scott Laughton Trevor Zegras Brandon Saad 30 1 2 2
3 Nicolas Roy Andrew Mangiapane Nino Niederreiter 25 1 2 2
4 Nick Bjugstad Warren Foegele Kyle Okposo 15 1 2 2
5 vs 5 Defense
Defense Defense Time % Phy DF OF
1 Aaron Ekblad Cody Ceci 30 1 2 2
2 Dougie Hamilton Ryan Pulock 30 1 2 2
3 Mario Ferraro Luke Schenn 25 1 2 2
4 Aaron Ekblad Cody Ceci 15 1 2 2
PowerPlay Forward
Center Left Wing Right Wing Time % Phy DF OF
1 Sam Bennett Brady Tkachuk Troy Terry 50 1 2 2
2 Scott Laughton Trevor Zegras Brandon Saad 50 1 2 2
PowerPlay Defense
Defense Defense Time % Phy DF OF
1 Aaron Ekblad Cody Ceci 50 1 2 2
2 Dougie Hamilton Ryan Pulock 50 1 2 2
Penalty Kill 4 Players Forward
Center Wing Time % Phy DF OF
1 Brady Tkachuk Sam Bennett 50 1 2 2
2 Scott Laughton Trevor Zegras 50 1 2 2
Penalty Kill 4 Players Defense
Defense Defense Time % Phy DF OF
1 Aaron Ekblad Cody Ceci 50 1 2 2
2 Dougie Hamilton Ryan Pulock 50 1 2 2
Penalty Kill - 3 Players Forward
Forward Time % Phy DF OF
1 Brady Tkachuk 50 1 2 2
2 Sam Bennett 50 1 2 2
Penalty Kill - 3 Players Defense
Defense Defense Time % Phy DF OF
1 Aaron Ekblad Cody Ceci 50 1 2 2
2 Dougie Hamilton Ryan Pulock 50 1 2 2
4 vs 4 Forward
Center Wing Time % Phy DF OF
1 Brady Tkachuk Sam Bennett 50 1 2 2
2 Scott Laughton Trevor Zegras 50 1 2 2
4 vs 4 Defense
Defense Defense Time % Phy DF OF
1 Aaron Ekblad Cody Ceci 50 1 2 2
2 Dougie Hamilton Ryan Pulock 50 1 2 2
Last Minutes Offensive
Center Left Wing Right Wing Defense Defense
Sam Bennett Brady Tkachuk Troy Terry Aaron Ekblad Cody Ceci
Last Minutes Defensive
Center Left Wing Right Wing Defense Defense
Sam Bennett Brady Tkachuk Troy Terry Aaron Ekblad Cody Ceci
Goaltenders
Starting : Frederik Andersen
Backup : Cam Talbot
Extra Forwards
Normal : Andrew Mangiapane, Nicolas Roy, Nino Niederreiter - PP : Andrew Mangiapane, Nicolas Roy - PK : Nino Niederreiter
Extra Defensemen
Normal : Mario Ferraro, Luke Schenn, Dougie Hamilton - PP : Mario Ferraro - PK : Luke Schenn, Dougie Hamilton
Penalty Shots
Brady Tkachuk, Sam Bennett, Scott Laughton, Trevor Zegras, Troy Terry
% Time on Ice - Colorado Rockies
Lines # - Real PCT - Wanted PCT - Time Play
Normal Forward
1 - 28% - 30% - 12:54
2 - 31% - 30% - 14:40
3 - 24% - 25% - 11:05
4 - 17% - 15% - 8:07
Normal Defense
1 - 38% - 42% - 17:52
2 - 34% - 36% - 15:54
3 - 28% - 22% - 13:00
4 - 0% - 0% - 0:00
PP Forward
1 - 56% - 50% - 6:08
2 - 44% - 50% - 4:48
PP Defense
1 - 58% - 50% - 6:20
2 - 42% - 50% - 4:36
PK Forward
1 - 44% - 50% - 1:01
2 - 56% - 50% - 1:17
PK Defense
1 - 47% - 50% - 1:05
2 - 53% - 50% - 1:13
PK3 Forward
1 - 0% - 50%
2 - 0% - 50%
PK3 Defense
1 - 0% - 50%
2 - 0% - 50%
44 Forward
1 - 0% - 50%
2 - 0% - 50%
44 Defense
1 - 0% - 50%
2 - 0% - 50%
Last Minute Offensive - 0:00
Last Minute Defensive - 0:00
Total
Forward - 60:00
Defense - 60:00
|
% Time on Ice - Toronto Maple Leafs
Lines # - Real PCT - Wanted PCT - Time Play
Normal Forward
1 - 28% - 30% - 13:12
2 - 29% - 30% - 13:28
3 - 26% - 25% - 12:15
4 - 17% - 15% - 7:51
Normal Defense
1 - 29% - 30% - 13:32
2 - 32% - 30% - 15:09
3 - 29% - 25% - 13:31
4 - 10% - 15% - 4:34
PP Forward
1 - 45% - 50% - 1:02
2 - 55% - 50% - 1:16
PP Defense
1 - 46% - 50% - 1:04
2 - 54% - 50% - 1:14
PK Forward
1 - 51% - 50% - 5:34
2 - 49% - 50% - 5:22
PK Defense
1 - 49% - 50% - 5:21
2 - 51% - 50% - 5:35
PK3 Forward
1 - 0% - 50%
2 - 0% - 50%
PK3 Defense
1 - 0% - 50%
2 - 0% - 50%
44 Forward
1 - 0% - 50%
2 - 0% - 50%
44 Defense
1 - 0% - 50%
2 - 0% - 50%
Last Minute Offensive - 0:00
Last Minute Defensive - 0:00
Total
Forward - 60:00
Defense - 60:00
|
Play-by-Play
1st period
0:01 of 1st period - Ryan O'Reilly wins face-off versus Sam Bennett in neutral zone.
0:13 of 1st period - Off-side.
0:14 of 1st period - Tim Stutzle wins face-off versus Trevor Zegras in neutral zone.
0:17 of 1st period - Wrist shot by David Pastrnak.
0:17 of 1st period - Shot Misses the Net.
0:23 of 1st period - Snap shot by David Pastrnak.
0:23 of 1st period - Shot Blocked by Ryan Pulock.
0:25 of 1st period - Slapshot by Andrew Peeke.
0:25 of 1st period - Shot Misses the Net.
0:27 of 1st period - Slapshot by Vince Dunn.
0:27 of 1st period - Shot Misses the Net.
0:29 of 1st period - Snap shot by David Pastrnak.
0:29 of 1st period - Goal by David Pastrnak - Colorado Rockies : 1 - Toronto Maple Leafs : 0.
0:30 of 1st period - Evgeny Kuznetsov wins face-off versus Nicolas Roy in neutral zone.
0:45 of 1st period - Wrist shot by Nicolas Roy.
0:45 of 1st period - Shot Misses the Net.
1:21 of 1st period - Luke Schenn is hit by Nikita Kucherov.
1:29 of 1st period - Victor Hedman is hit by Aaron Ekblad and loses puck.
1:47 of 1st period - Snap shot by Brady Tkachuk.
1:47 of 1st period - Stopped by Joey Daccord with a rebound.
1:49 of 1st period - Wrist shot by Troy Terry.
1:49 of 1st period - Stopped by Joey Daccord with a rebound.
1:51 of 1st period - Wrist shot by Troy Terry.
1:51 of 1st period - Shot Misses the Net.
2:38 of 1st period - Wrist shot by Kyle Connor.
2:38 of 1st period - Shot Blocked by Sam Bennett.
2:50 of 1st period - Wrist shot by Sam Bennett.
2:50 of 1st period - Stopped by Joey Daccord with a rebound.
2:52 of 1st period - Slapshot by Dougie Hamilton.
2:52 of 1st period - Deflect By Troy Terry.
2:52 of 1st period - Shot Blocked by Victor Hedman.
2:52 of 1st period - Puck is out of play.
2:53 of 1st period - Scott Laughton wins face-off versus Tim Stutzle in Colorado Rockies zone.
3:08 of 1st period - Snap shot by Tim Stutzle.
3:08 of 1st period - Deflect By Jesper Bratt.
3:08 of 1st period - Goal by Jesper Bratt - Colorado Rockies : 2 - Toronto Maple Leafs : 0.
3:09 of 1st period - Evgeny Kuznetsov wins face-off versus Nicolas Roy in neutral zone.
3:12 of 1st period - Aaron Ekblad is hit by Evgeny Kuznetsov and loses puck.
3:19 of 1st period - Snap shot by Nick Schmaltz.
3:19 of 1st period - Stopped by Frederik Andersen without a rebound.
3:20 of 1st period - Tim Stutzle wins face-off versus Scott Laughton in Toronto Maple Leafs zone.
3:31 of 1st period - Wrist shot by Tim Stutzle.
3:31 of 1st period - Shot Blocked by Trevor Zegras.
3:33 of 1st period - Slapshot by David Pastrnak.
3:33 of 1st period - Shot Hit the Post.
4:19 of 1st period - Off-side.
4:20 of 1st period - Tim Stutzle wins face-off versus Scott Laughton in neutral zone.
4:47 of 1st period - Vince Dunn is hit by Kyle Okposo and loses puck.
4:52 of 1st period - Slapshot by Dougie Hamilton.
4:52 of 1st period - Shot Misses the Net.
4:54 of 1st period - Slapshot by Ryan Pulock.
4:54 of 1st period - Shot Misses the Net.
4:56 of 1st period - Wrist shot by Warren Foegele.
4:56 of 1st period - Shot Misses the Net.
4:58 of 1st period - Wrist shot by Kyle Okposo.
4:58 of 1st period - Deflect By Nick Bjugstad.
4:58 of 1st period - Shot Misses the Net.
4:58 of 1st period - Puck is out of play.
4:59 of 1st period - Tim Stutzle wins face-off versus Nicolas Roy in Colorado Rockies zone.
6:11 of 1st period - Ryan O'Reilly is hit by Dougie Hamilton and loses puck.
6:40 of 1st period - Slapshot by Jesper Bratt.
6:40 of 1st period - Stopped by Frederik Andersen with a rebound.
7:30 of 1st period - Wrist shot by Brady Tkachuk.
7:30 of 1st period - Shot Misses the Net.
7:32 of 1st period - Slapshot by Cody Ceci.
7:32 of 1st period - Stopped by Joey Daccord with a rebound.
7:34 of 1st period - Snap shot by Sam Bennett.
7:34 of 1st period - Shot Misses the Net.
7:40 of 1st period - Wrist shot by Sam Bennett.
7:40 of 1st period - Stopped by Joey Daccord without a rebound.
7:41 of 1st period - Scott Laughton wins face-off versus Tim Stutzle in Colorado Rockies zone.
7:50 of 1st period - Wrist shot by Brandon Saad.
7:50 of 1st period - Stopped by Joey Daccord without a rebound.
7:51 of 1st period - Scott Laughton wins face-off versus Tim Stutzle in Colorado Rockies zone.
7:52 of 1st period - Wrist shot by Trevor Zegras.
7:52 of 1st period - Shot Blocked by Victor Hedman.
8:12 of 1st period - Snap shot by Jesper Bratt.
8:12 of 1st period - Stopped by Frederik Andersen without a rebound.
8:13 of 1st period - Nicolas Roy wins face-off versus Evgeny Kuznetsov in Toronto Maple Leafs zone.
8:40 of 1st period - Vince Dunn is hit by Mario Ferraro and loses puck.
9:47 of 1st period - Nick Schmaltz is hit by Aaron Ekblad and loses puck.
10:03 of 1st period - Icing by Vince Dunn.
10:04 of 1st period - Tim Stutzle wins face-off versus Scott Laughton in Colorado Rockies zone.
10:17 of 1st period - Snap shot by David Pastrnak.
10:17 of 1st period - Shot Misses the Net.
10:19 of 1st period - Wrist shot by Jesper Bratt.
10:19 of 1st period - Stopped by Frederik Andersen with a rebound.
10:39 of 1st period - Snap shot by Nikita Kucherov.
10:39 of 1st period - Shot Misses the Net.
10:51 of 1st period - Cody Ceci is hit by Kyle Palmieri and loses puck.
11:00 of 1st period - Snap shot by Sam Bennett.
11:00 of 1st period - Shot Misses the Net.
11:02 of 1st period - Slapshot by Brady Tkachuk.
11:02 of 1st period - Shot Misses the Net.
11:04 of 1st period - Slapshot by Luke Schenn.
11:04 of 1st period - Shot Misses the Net.
11:06 of 1st period - Backhand shot by Luke Schenn.
11:06 of 1st period - Shot Blocked by Quinn Hughes.
11:08 of 1st period - Slapshot by Mario Ferraro.
11:08 of 1st period - Stopped by Joey Daccord without a rebound.
11:09 of 1st period - Nicolas Roy wins face-off versus Tim Stutzle in Colorado Rockies zone.
11:12 of 1st period - Snap shot by Andrew Mangiapane.
11:12 of 1st period - Deflect By Nicolas Roy.
11:12 of 1st period - Stopped by Joey Daccord with a rebound.
11:18 of 1st period - David Pastrnak is hit by Nicolas Roy and loses puck.
12:09 of 1st period - Slapshot by Nick Schmaltz.
12:09 of 1st period - Shot Misses the Net.
12:11 of 1st period - Slapshot by Evgeny Kuznetsov.
12:11 of 1st period - Shot Misses the Net.
12:13 of 1st period - Snap shot by Nick Schmaltz.
12:13 of 1st period - Shot Misses the Net.
12:15 of 1st period - Wrist shot by Evgeny Kuznetsov.
12:15 of 1st period - Goal by Evgeny Kuznetsov - Colorado Rockies : 3 - Toronto Maple Leafs : 0.
12:16 of 1st period - Ryan O'Reilly wins face-off versus Scott Laughton in neutral zone.
12:23 of 1st period - Wrist shot by Nikita Kucherov.
12:23 of 1st period - Deflect By Ryan O'Reilly.
12:23 of 1st period - Shot Misses the Net.
12:23 of 1st period - Puck is out of play.
12:24 of 1st period - Ryan O'Reilly wins face-off versus Scott Laughton in Toronto Maple Leafs zone.
12:29 of 1st period - Snap shot by Nikita Kucherov.
12:29 of 1st period - Stopped by Frederik Andersen with a rebound.
12:31 of 1st period - Minor Penalty to Aaron Ekblad for Hooking.
12:32 of 1st period - Brady Tkachuk wins face-off versus Tim Stutzle in Toronto Maple Leafs zone.
14:31 of 1st period - Penalty to Aaron Ekblad is over, Aaron Ekblad is back on ice.
15:40 of 1st period - Slapshot by Kyle Okposo.
15:40 of 1st period - Shot Blocked by Martin Fehervary.
15:42 of 1st period - Snap shot by Warren Foegele.
15:42 of 1st period - Shot Blocked by Martin Fehervary.
16:04 of 1st period - Martin Fehervary is hit by Nicolas Roy.
16:51 of 1st period - Off-side.
16:52 of 1st period - Nick Bjugstad wins face-off versus Tim Stutzle in neutral zone.
17:30 of 1st period - Slapshot by Tim Stutzle.
17:30 of 1st period - Shot Blocked by Luke Schenn.
17:38 of 1st period - Wrist shot by David Pastrnak.
17:38 of 1st period - Shot Misses the Net.
17:40 of 1st period - Wrist shot by Jesper Bratt.
17:40 of 1st period - Stopped by Frederik Andersen with a rebound.
17:42 of 1st period - Wrist shot by David Pastrnak.
17:42 of 1st period - Shot Blocked by Aaron Ekblad.
17:48 of 1st period - Snap shot by David Pastrnak.
17:48 of 1st period - Stopped by Frederik Andersen without a rebound.
17:49 of 1st period - Ryan O'Reilly wins face-off versus Nick Bjugstad in Toronto Maple Leafs zone.
17:50 of 1st period - Wrist shot by Nikita Kucherov.
17:50 of 1st period - Shot Blocked by Ryan Pulock.
17:52 of 1st period - Slapshot by Quinn Hughes.
17:52 of 1st period - Stopped by Frederik Andersen without a rebound.
17:53 of 1st period - Nick Bjugstad wins face-off versus Ryan O'Reilly in Toronto Maple Leafs zone.
17:58 of 1st period - Wrist shot by Nikita Kucherov.
17:58 of 1st period - Shot Hit the Post.
18:00 of 1st period - Wrist shot by Ryan O'Reilly.
18:00 of 1st period - Stopped by Frederik Andersen with a rebound.
18:02 of 1st period - Slapshot by Quinn Hughes.
18:02 of 1st period - Shot Misses the Net.
18:04 of 1st period - Slapshot by Victor Hedman.
18:04 of 1st period - Shot Blocked by Nick Bjugstad.
18:06 of 1st period - Slapshot by Victor Hedman.
18:06 of 1st period - Shot Misses the Net.
18:08 of 1st period - Slapshot by Victor Hedman.
18:08 of 1st period - Stopped by Frederik Andersen without a rebound.
18:09 of 1st period - Scott Laughton wins face-off versus Evgeny Kuznetsov in Toronto Maple Leafs zone.
18:24 of 1st period - Brandon Saad is hit by Kevin Hayes and loses puck.
18:35 of 1st period - Victor Hedman is hit by Sam Bennett and loses puck.
Goals for this period are 3 for Colorado Rockies vs 0 for Toronto Maple Leafs.
Shots for this period are 13 for Colorado Rockies vs 8 for Toronto Maple Leafs.
2nd period
0:01 of 2nd period - Ryan O'Reilly wins face-off versus Sam Bennett in neutral zone.
0:04 of 2nd period - Wrist shot by Nikita Kucherov.
0:04 of 2nd period - Stopped by Frederik Andersen without a rebound.
0:05 of 2nd period - Sam Bennett wins face-off versus Ryan O'Reilly in Toronto Maple Leafs zone.
0:07 of 2nd period - Minor Penalty to Sam Bennett for Tripping.
0:08 of 2nd period - Brady Tkachuk wins face-off versus Ryan O'Reilly in Toronto Maple Leafs zone.
1:02 of 2nd period - Backhand shot by Brady Tkachuk.
1:02 of 2nd period - Shot Blocked by Quinn Hughes.
1:54 of 2nd period - Nikita Kucherov is hit by Troy Terry and loses puck.
2:07 of 2nd period - Penalty to Sam Bennett is over, Sam Bennett is back on ice.
2:54 of 2nd period - Minor Penalty to Nikita Zadorov for Tripping.
2:55 of 2nd period - Nick Bonino wins face-off versus Sam Bennett in Colorado Rockies zone.
3:43 of 2nd period - Andrew Mangiapane is hit by Vince Dunn and loses puck.
4:54 of 2nd period - Penalty to Nikita Zadorov is over, Nikita Zadorov is back on ice.
5:05 of 2nd period - Off-side.
5:06 of 2nd period - Ryan O'Reilly wins face-off versus Nick Bjugstad in neutral zone.
5:09 of 2nd period - Snap shot by Nikita Kucherov.
5:09 of 2nd period - Stopped by Frederik Andersen without a rebound.
5:10 of 2nd period - Tim Stutzle wins face-off versus Nicolas Roy in Toronto Maple Leafs zone.
5:39 of 2nd period - Snap shot by Trevor Zegras.
5:39 of 2nd period - Deflect By Brandon Saad.
5:39 of 2nd period - Shot Hit the Post.
5:39 of 2nd period - Puck is out of play.
5:40 of 2nd period - Ryan O'Reilly wins face-off versus Scott Laughton in Colorado Rockies zone.
5:50 of 2nd period - Slapshot by Aaron Ekblad.
5:50 of 2nd period - Shot Blocked by Victor Hedman.
5:52 of 2nd period - Snap shot by Scott Laughton.
5:52 of 2nd period - Stopped by Joey Daccord with a rebound.
6:06 of 2nd period - Jesper Bratt is hit by Nino Niederreiter and loses puck.
6:38 of 2nd period - Backhand shot by Nick Schmaltz.
6:38 of 2nd period - Shot Blocked by Ryan Pulock.
6:40 of 2nd period - Wrist shot by Evgeny Kuznetsov.
6:40 of 2nd period - Shot Blocked by Ryan Pulock.
7:23 of 2nd period - Icing by Ryan Pulock.
7:24 of 2nd period - Tim Stutzle wins face-off versus Scott Laughton in Toronto Maple Leafs zone.
7:53 of 2nd period - Snap shot by Nikita Kucherov.
7:53 of 2nd period - Stopped by Frederik Andersen with a rebound.
8:11 of 2nd period - Snap shot by Trevor Zegras.
8:11 of 2nd period - Stopped by Joey Daccord with a rebound.
8:13 of 2nd period - Wrist shot by Brandon Saad.
8:13 of 2nd period - Shot Blocked by Kyle Connor.
8:21 of 2nd period - Wrist shot by Trevor Zegras.
8:21 of 2nd period - Stopped by Joey Daccord with a rebound.
8:23 of 2nd period - Slapshot by Dougie Hamilton.
8:23 of 2nd period - Shot Misses the Net.
8:25 of 2nd period - Backhand shot by Brandon Saad.
8:25 of 2nd period - Shot Misses the Net.
8:27 of 2nd period - Wrist shot by Brandon Saad.
8:27 of 2nd period - Stopped by Joey Daccord with a rebound.
8:29 of 2nd period - Slapshot by Ryan Pulock.
8:29 of 2nd period - Shot Misses the Net.
8:31 of 2nd period - Slapshot by Ryan Pulock.
8:31 of 2nd period - Stopped by Joey Daccord with a rebound.
8:33 of 2nd period - Wrist shot by Brandon Saad.
8:33 of 2nd period - Stopped by Joey Daccord with a rebound.
8:43 of 2nd period - Snap shot by Dougie Hamilton.
8:43 of 2nd period - Stopped by Joey Daccord with a rebound.
8:45 of 2nd period - Backhand shot by Trevor Zegras.
8:45 of 2nd period - Stopped by Joey Daccord with a rebound.
8:47 of 2nd period - Wrist shot by Trevor Zegras.
8:47 of 2nd period - Shot Misses the Net.
8:49 of 2nd period - Wrist shot by Trevor Zegras.
8:49 of 2nd period - Shot Blocked by Nikita Zadorov.
8:51 of 2nd period - Slapshot by Trevor Zegras.
8:51 of 2nd period - Stopped by Joey Daccord without a rebound.
8:52 of 2nd period - Nicolas Roy wins face-off versus Evgeny Kuznetsov in Colorado Rockies zone.
8:57 of 2nd period - Slapshot by Aaron Ekblad.
8:57 of 2nd period - Deflect By Nicolas Roy.
8:57 of 2nd period - Deflect By Quinn Hughes.
8:57 of 2nd period - Shot Misses the Net.
8:57 of 2nd period - Puck is out of play.
8:58 of 2nd period - Nicolas Roy wins face-off versus Evgeny Kuznetsov in Colorado Rockies zone.
9:13 of 2nd period - Snap shot by Evgeny Kuznetsov.
9:13 of 2nd period - Stopped by Frederik Andersen without a rebound.
9:14 of 2nd period - Sam Bennett wins face-off versus Tim Stutzle in Toronto Maple Leafs zone.
10:14 of 2nd period - Wrist shot by Nino Niederreiter.
10:14 of 2nd period - Stopped by Joey Daccord without a rebound.
10:15 of 2nd period - Ryan O'Reilly wins face-off versus Sam Bennett in Colorado Rockies zone.
10:42 of 2nd period - Vince Dunn is hit by Andrew Mangiapane and loses puck.
11:08 of 2nd period - Cody Ceci is hit by Michael Bunting and loses puck.
11:23 of 2nd period - Brandon Saad is hit by Ryan O'Reilly and loses puck.
11:32 of 2nd period - Nikita Zadorov is hit by Brandon Saad.
11:38 of 2nd period - Snap shot by Dougie Hamilton.
11:38 of 2nd period - Shot Blocked by Nikita Zadorov.
11:40 of 2nd period - Snap shot by Dougie Hamilton.
11:40 of 2nd period - Shot Blocked by Nikita Zadorov.
11:42 of 2nd period - Slapshot by Brandon Saad.
11:42 of 2nd period - Stopped by Joey Daccord with a rebound.
11:44 of 2nd period - Wrist shot by Scott Laughton.
11:44 of 2nd period - Stopped by Joey Daccord without a rebound.
11:45 of 2nd period - Kevin Hayes wins face-off versus Brady Tkachuk in Colorado Rockies zone.
12:13 of 2nd period - Nikita Kucherov is hit by Luke Schenn and loses puck.
12:24 of 2nd period - Andrew Mangiapane is hit by Ryan O'Reilly and loses puck.
13:15 of 2nd period - Andrew Peeke is hit by Brady Tkachuk and loses puck.
13:26 of 2nd period - Dougie Hamilton is hit by Nikita Kucherov and loses puck.
13:55 of 2nd period - Snap shot by Kyle Okposo.
13:55 of 2nd period - Shot Misses the Net.
14:07 of 2nd period - Snap shot by Scott Laughton.
14:07 of 2nd period - Shot Misses the Net.
14:09 of 2nd period - Wrist shot by Scott Laughton.
14:09 of 2nd period - Shot Misses the Net.
14:11 of 2nd period - Snap shot by Trevor Zegras.
14:11 of 2nd period - Deflect By Scott Laughton.
14:11 of 2nd period - Shot Misses the Net.
14:11 of 2nd period - Puck is out of play.
14:12 of 2nd period - Tim Stutzle wins face-off versus Scott Laughton in Colorado Rockies zone.
14:42 of 2nd period - Victor Hedman is hit by Brady Tkachuk and loses puck.
15:08 of 2nd period - Snap shot by Andrew Mangiapane.
15:08 of 2nd period - Shot Misses the Net.
15:56 of 2nd period - Snap shot by Tim Stutzle.
15:56 of 2nd period - Stopped by Frederik Andersen with a rebound.
16:16 of 2nd period - Wrist shot by Brady Tkachuk.
16:16 of 2nd period - Stopped by Joey Daccord without a rebound.
16:17 of 2nd period - Nicolas Roy wins face-off versus Evgeny Kuznetsov in Colorado Rockies zone.
17:02 of 2nd period - Nikita Kucherov is hit by Brady Tkachuk and loses puck.
17:55 of 2nd period - Snap shot by Nino Niederreiter.
17:55 of 2nd period - Stopped by Joey Daccord without a rebound.
17:56 of 2nd period - Nicolas Roy wins face-off versus Evgeny Kuznetsov in Colorado Rockies zone.
18:01 of 2nd period - Snap shot by Nicolas Roy.
18:01 of 2nd period - Shot Blocked by Nikita Zadorov.
18:03 of 2nd period - Snap shot by Nicolas Roy.
18:03 of 2nd period - Shot Misses the Net.
18:05 of 2nd period - Slapshot by Aaron Ekblad.
18:05 of 2nd period - Stopped by Joey Daccord without a rebound.
18:06 of 2nd period - Nicolas Roy wins face-off versus Evgeny Kuznetsov in Colorado Rockies zone.
18:29 of 2nd period - Wrist shot by Andrew Mangiapane.
18:29 of 2nd period - Shot Hit the Post.
18:31 of 2nd period - Slapshot by Aaron Ekblad.
18:31 of 2nd period - Stopped by Joey Daccord with a rebound.
18:33 of 2nd period - Wrist shot by Andrew Mangiapane.
18:33 of 2nd period - Shot Blocked by Nikita Zadorov.
18:39 of 2nd period - Snap shot by Andrew Mangiapane.
18:39 of 2nd period - Shot Misses the Net.
18:41 of 2nd period - Wrist shot by Nicolas Roy.
18:41 of 2nd period - Goal by Nicolas Roy - Colorado Rockies : 3 - Toronto Maple Leafs : 1.
18:42 of 2nd period - Sam Bennett wins face-off versus Ryan O'Reilly in neutral zone.
19:09 of 2nd period - Kyle Connor is hit by Nicolas Roy and loses puck.
Goals for this period are 0 for Colorado Rockies vs 1 for Toronto Maple Leafs.
Shots for this period are 5 for Colorado Rockies vs 17 for Toronto Maple Leafs.
3rd period
0:01 of 3rd period - Tim Stutzle wins face-off versus Sam Bennett in neutral zone.
0:12 of 3rd period - Jesper Bratt is hit by Sam Bennett and loses puck.
0:27 of 3rd period - Nikita Kucherov is hit by Cody Ceci.
0:37 of 3rd period - Andrew Peeke is hit by Brandon Saad and loses puck.
0:41 of 3rd period - Icing by Andrew Peeke.
0:42 of 3rd period - Sam Bennett wins face-off versus Ryan O'Reilly in Colorado Rockies zone.
0:49 of 3rd period - Slapshot by Sam Bennett.
0:49 of 3rd period - Shot Misses the Net.
0:59 of 3rd period - Nikita Kucherov is hit by Brady Tkachuk and loses puck.
1:10 of 3rd period - Mario Ferraro is hit by Ryan O'Reilly and loses puck.
1:21 of 3rd period - Slapshot by Luke Schenn.
1:21 of 3rd period - Deflect By Nikita Kucherov.
1:21 of 3rd period - Stopped by Joey Daccord with a rebound.
1:39 of 3rd period - Wrist shot by Tim Stutzle.
1:39 of 3rd period - Stopped by Frederik Andersen without a rebound.
1:40 of 3rd period - Kevin Hayes wins face-off versus Sam Bennett in Toronto Maple Leafs zone.
1:57 of 3rd period - Backhand shot by Evgeny Kuznetsov.
1:57 of 3rd period - Shot Misses the Net.
2:07 of 3rd period - Scott Laughton is hit by David Pastrnak and loses puck.
2:14 of 3rd period - Wrist shot by Tim Stutzle.
2:14 of 3rd period - Stopped by Frederik Andersen without a rebound.
2:15 of 3rd period - Andrew Mangiapane wins face-off versus Tim Stutzle in Toronto Maple Leafs zone.
2:40 of 3rd period - Wrist shot by Nick Schmaltz.
2:40 of 3rd period - Stopped by Frederik Andersen with a rebound.
3:08 of 3rd period - Wrist shot by Kyle Connor.
3:08 of 3rd period - Stopped by Frederik Andersen with a rebound.
3:24 of 3rd period - Nick Bonino is hit by Kyle Okposo and loses puck.
3:29 of 3rd period - Snap shot by Kyle Okposo.
3:29 of 3rd period - Stopped by Joey Daccord with a rebound.
4:09 of 3rd period - Snap shot by Kevin Hayes.
4:09 of 3rd period - Stopped by Frederik Andersen without a rebound.
4:10 of 3rd period - Scott Laughton wins face-off versus Ryan O'Reilly in Toronto Maple Leafs zone.
4:43 of 3rd period - Minor Penalty to Brady Tkachuk for Roughing.
4:44 of 3rd period - Ryan O'Reilly wins face-off versus Scott Laughton in Toronto Maple Leafs zone.
4:46 of 3rd period - Snap shot by Jesper Bratt.
4:46 of 3rd period - Stopped by Frederik Andersen without a rebound.
4:47 of 3rd period - Ryan O'Reilly wins face-off versus Scott Laughton in Toronto Maple Leafs zone.
6:43 of 3rd period - Penalty to Brady Tkachuk is over, Brady Tkachuk is back on ice.
9:09 of 3rd period - Nick Schmaltz is hit by Nicolas Roy and loses puck.
9:51 of 3rd period - Victor Hedman is hit by Mario Ferraro and loses puck.
9:54 of 3rd period - Major / Game Misconduct Penalty to Andrew Mangiapane for Head-butting.
9:54 of 3rd period - Andrew Mangiapane is ejected from game.
9:55 of 3rd period - Brady Tkachuk wins face-off versus Tim Stutzle in Toronto Maple Leafs zone.
10:26 of 3rd period - Dougie Hamilton is hit by Tim Stutzle and loses puck.
10:47 of 3rd period - Kyle Connor is hit by Dougie Hamilton and loses puck.
11:24 of 3rd period - Aaron Ekblad is hit by Kyle Connor.
12:16 of 3rd period - Kyle Connor is hit by Ryan Pulock.
12:34 of 3rd period - Ryan Pulock is hit by Quinn Hughes and loses puck.
12:59 of 3rd period - Tim Stutzle is hit by Nino Niederreiter.
13:26 of 3rd period - Icing by Jesper Bratt.
13:27 of 3rd period - Ryan O'Reilly wins face-off versus Scott Laughton in Colorado Rockies zone.
13:27 of 3rd period - Ryan O'Reilly is hit by Mario Ferraro.
14:10 of 3rd period - Slapshot by Jesper Bratt.
14:10 of 3rd period - Shot Misses the Net.
14:12 of 3rd period - Snap shot by Nick Schmaltz.
14:12 of 3rd period - Stopped by Frederik Andersen with a rebound.
14:18 of 3rd period - Backhand shot by Nick Schmaltz.
14:18 of 3rd period - Shot Misses the Net.
14:20 of 3rd period - Snap shot by Ryan O'Reilly.
14:20 of 3rd period - Shot Misses the Net.
14:54 of 3rd period - Penalty to Andrew Mangiapane is over, Nick Bjugstad is send on ice.
15:14 of 3rd period - Snap shot by Brandon Saad.
15:14 of 3rd period - Shot Blocked by Martin Fehervary.
15:16 of 3rd period - Slapshot by Brandon Saad.
15:16 of 3rd period - Stopped by Joey Daccord with a rebound.
15:18 of 3rd period - Slapshot by Aaron Ekblad.
15:18 of 3rd period - Stopped by Joey Daccord without a rebound.
15:19 of 3rd period - Nicolas Roy wins face-off versus Michael Bunting in Colorado Rockies zone.
16:18 of 3rd period - Wrist shot by Warren Foegele.
16:18 of 3rd period - Stopped by Joey Daccord with a rebound.
16:49 of 3rd period - Off-side.
16:50 of 3rd period - Sam Bennett wins face-off versus Nick Schmaltz in neutral zone.
16:57 of 3rd period - Wrist shot by Brady Tkachuk.
16:57 of 3rd period - Shot Misses the Net.
16:59 of 3rd period - Slapshot by Cody Ceci.
16:59 of 3rd period - Stopped by Joey Daccord without a rebound.
17:00 of 3rd period - Evgeny Kuznetsov wins face-off versus Nicolas Roy in Colorado Rockies zone.
17:09 of 3rd period - Wrist shot by Brady Tkachuk.
17:09 of 3rd period - Stopped by Joey Daccord without a rebound.
17:10 of 3rd period - Nicolas Roy wins face-off versus Nick Bonino in Colorado Rockies zone.
17:11 of 3rd period - Backhand shot by Brady Tkachuk.
17:11 of 3rd period - Deflect By Nicolas Roy.
17:11 of 3rd period - Stopped by Joey Daccord with a rebound.
17:59 of 3rd period - Snap shot by Nick Bjugstad.
17:59 of 3rd period - Stopped by Joey Daccord without a rebound.
18:00 of 3rd period - Nick Bonino wins face-off versus Nicolas Roy in Colorado Rockies zone.
18:00 of 3rd period - Nick Bonino is hit by Nicolas Roy.
18:30 of 3rd period - Slapshot by Aaron Ekblad.
18:30 of 3rd period - Deflect By Warren Foegele.
18:30 of 3rd period - Stopped by Joey Daccord without a rebound.
18:31 of 3rd period - Kevin Hayes wins face-off versus Nicolas Roy in Colorado Rockies zone.
18:43 of 3rd period - Snap shot by Evgeny Kuznetsov.
18:43 of 3rd period - Shot Blocked by Cody Ceci.
18:47 of 3rd period - Wrist shot by Evgeny Kuznetsov.
18:47 of 3rd period - Stopped by Frederik Andersen without a rebound.
18:48 of 3rd period - Nick Bjugstad wins face-off versus Michael Bunting in Toronto Maple Leafs zone.
19:22 of 3rd period - Dougie Hamilton is hit by Quinn Hughes and loses puck.
19:40 of 3rd period - Minor Penalty to Tim Stutzle for Interference.
19:41 of 3rd period - Nick Schmaltz wins face-off versus Scott Laughton in Colorado Rockies zone.
Goals for this period are 0 for Colorado Rockies vs 0 for Toronto Maple Leafs.
Shots for this period are 8 for Colorado Rockies vs 10 for Toronto Maple Leafs.
Back to the Top